 Dungeon Crawl Stone Soup version 0.19-a0-934-gf1df8d1 (webtiles) character file.

2236 retryentry the Slasher (level 8, -6/73 HPs)
             Began as a Demigod Fighter on July 7, 2016.
             Killed by divine providence
             ... invoked by an orc priest
              (13 damage)
             ... on level 7 of the Dungeon.
             The game lasted 00:15:56 (9857 turns).

retryentry the Slasher (Demigod Fighter)            Turns: 9857, Time: 00:15:57

Health: -6/73      AC: 13    Str: 19    XL:     8   Next: 91%
Magic:  14/14      EV:  4    Int: 16    God:
Gold:   423        SH:  9    Dex: 19    Spells: 0 memorised, 7 levels left

rFire  . . .     SeeInvis .     a - +0 long sword
rCold  . . .     Gourm    .     J - +0 chain mail (curse)
rNeg   . . .     Faith    .     c - +0 shield
rPois  .         Spirit   .     s - +1 hat {MR+}
rElec  .         Dismiss  .     (no cloak)
rCorr  .         Reflect  .     (no gloves)
SustAt +         Harm     .     C - +2 pair of boots
MR     +....                    (no amulet)
Stlth  ..........               (no ring)
                                K - +4 ring of intelligence

@: lethally poisoned (-6 -> -9), somewhat resistant to hostile enchantments,
extremely unstealthy
A: high mp 1, sustain attributes
a: no special abilities


You were on level 7 of the Dungeon.
You were not hungry.

You visited 2 branches of the dungeon, and saw 8 of its levels.

You collected 423 gold pieces.

Inventory:

Hand Weapons
 a - a +0 long sword (weapon)
 w - a +5 short sword of protection
 z - a +0 great sword
Missiles
 m - 5 tomahawks of dispersal (quivered)
 y - 4 tomahawks
 I - a silver tomahawk
Armour
 c - a +0 shield (worn)
 s - a +1 hat of magic resistance (worn)
 C - a +2 pair of boots (worn)
 J - a cursed +0 chain mail (worn)
Jewellery
 K - a +4 ring of intelligence (left hand)
Wands
 g - a wand of hasting (1/9)
 k - a wand of digging (14/24)
 v - a wand of paralysis (5/24)
 G - a wand of slowing (14/48)
Scrolls
 i - 3 scrolls of immolation
 n - 2 scrolls of recharging {unknown}
 p - a scroll of remove curse
 q - a scroll of enchant armour {unknown}
 D - 2 scrolls of fog {unknown}
Potions
 d - 2 potions of might
 e - 3 potions of cancellation
 j - a potion of berserk rage {unknown}
 l - 2 potions of cure mutation {unknown}
 o - 3 potions of degeneration {unknown}
 r - a potion of heal wounds {unknown}
 t - 3 potions of curing {unknown}
 x - 3 potions of brilliance {unknown}
 A - a potion of flight {unknown}
 L - 2 potions of magic {unknown}
 M - a potion of beneficial mutation {unknown}
Comestibles
 f - 5 bread rations
 h - 2 meat rations
 B - 2 royal jellies
 F - a slice of pizza
 H - 2 beef jerkies


   Skills:
 + Level 7.3 Fighting
 + Level 7.7 Long Blades
 - Level 2.6 Armour
 - Level 2.6 Shields
 * Level 4.3 Evocations


You had 7 spell levels left.
You didn't know any spells.

Dungeon Overview and Level Annotations

Branches:
Dungeon (7/15)             Temple (1/1) D:7

Shops:
D:4 :


Innate Abilities, Weirdness & Mutations

You have an increased reservoir of magic. (+10% MP)
Your attributes are resistant to harm.


Message History

The killer bee poisons you!
You hit the killer bee.
The killer bee is moderately wounded.
You feel sick. You block the killer bee's attack. x2
The killer bee stings you but does no damage.
You feel sick. The killer bee barely misses you.
You riposte.
You miss the killer bee.
The killer bee is moderately wounded.
You feel sick. You block the killer bee's attack.
You feel sick. The killer bee barely misses you.
You block the killer bee's attack.
You feel sick. The killer bee barely misses you.
You riposte.
You hit the killer bee but do no damage.
The killer bee is moderately wounded.
The orc priest calls down the wrath of Beogh upon you.
Beogh smites you!
* * * LOW HITPOINT WARNING * * *
The orc priest invokes the aid of Beogh against you.
Beogh smites you!
You die...

#..# # #..#.#.#.#
#......... #o####.#.#
#y#..# #o#..# ### #†#..#
#.. #y#.##############.#
#y#.yo..o.yy@....#.#
#.#'############.#.#
#.o.....###<.....#.## #
#..(.....######.....####..#
#.)>.....# #............
#.#.[..#.# #......####..
#.#.##.#.# #......#
#####.#)##.#.# ##+#...#
#........#...# #.#...#


You could see 2 killer bees, an orc priest and an orc.

Vanquished Creatures
  The ghost of tstbtto the Slasher, an amateur HEFi (D:4)
  Duvessa (D:5)
  2 orc warriors
  An ice beast (D:5)
  3 ogres
  A centaur (D:4)
  4 giant frogs
  4 scorpions
  Dowan (D:5)
  2 killer bees (D:7)
  A howler monkey (D:4)
  An orc priest (D:6)
  3 jellies (D:6)
  A hound (D:6)
  4 orc wizards
  2 iguanas
  5 worker ants
  A killer bee zombie (D:7)
  Robin (D:2)
  A howler monkey skeleton (D:4)
  9 gnolls
  7 adders
  2 oozes
  3 worms
  2 dart slugs
  2 giant geckos (D:2)
  17 orcs
  2 ball pythons
  4 giant cockroaches
  20 goblins
  15 hobgoblins
  3 jackals (D:5)
  3 quokkas
  11 bats
  A giant gecko zombie (D:6)
  7 giant newts
  A jackal skeleton (D:5)
  2 jackal zombies
  7 kobolds
  5 rats
163 creatures vanquished.

Vanquished Creatures (others)
  Jessica (D:6)
1 creature vanquished.

Grand Total: 164 creatures vanquished

Notes
Turn   | Place    | Note
-------+----------+-------------------------------------------
     0 | D:1      | retryentry the Demigod Fighter began the quest for the Orb.
     0 | D:1      | Reached XP level 1. HP: 18/18 MP: 3/3
   202 | D:1      | Reached XP level 2. HP: 24/26 MP: 4/4
   825 | D:1      | Reached XP level 3. HP: 26/31 MP: 5/5
  1858 | D:2      | Noticed Robin
  1869 | D:2      | Reached XP level 4. HP: 40/40 MP: 6/6
  1879 | D:2      | Killed Robin
  2775 | D:3      | Reached XP level 5. HP: 47/47 MP: 7/7
  2874 | D:3      | Found a white marble altar of Elyvilon.
  3479 | D:4      | Noticed tstbtto's ghost (amateur HEFi)
  3554 | D:4      | Killed tstbtto's ghost
  3554 | D:4      | Reached skill level 5 in Fighting
  3554 | D:4      | Reached skill level 1 in Evocations
  3554 | D:4      | Reached XP level 6. HP: 21/56 MP: 7/9
  4009 | D:4      | Found Bozel's Book Boutique.
  4104 | D:4      | Found a shimmering altar of Xom.
  4410 | D:5      | Entered Level 5 of the Dungeon
  4578 | D:5      | Reached skill level 5 in Long Blades
  4797 | D:5      | Noticed Dowan
  4819 | D:5      | Killed Dowan
  4819 | D:5      | Reached XP level 7. HP: 42/61 MP: 11/11
  4936 | D:5      | Noticed Duvessa
  4959 | D:5      | Killed Duvessa
  5710 | D:5      | Found a glowing golden altar of the Shining One.
  5711 | D:5      | Found a hazy altar of Hepliaklqana.
  6442 | D:5      | Reached XP level 8. HP: 52/70 MP: 13/13
  7722 | D:6      | Noticed a hill giant
  8151 | D:6      | Found a sparkling altar of Nemelex Xobeh.
  8182 | D:6      | Found a radiant altar of Vehumet.
  8763 | D:6      | Found an iron altar of Okawaru.
  8879 | D:6      | Noticed Jessica
  8887 | D:6      | Found a deep blue altar of Sif Muna.
  8907 | D:6      | Killed Jessica
  8982 | D:7      | Found a staircase to the Ecumenical Temple.
  8999 | Temple   | Entered the Ecumenical Temple
  9857 | D:7      | Killed from afar by an orc priest

Vault maps used:
D:1:      matt_arrival_los_fun, st_stairs_7, minmay_misc_feat_pillars,
          hangedman_decor_points, minivault_23
D:2:      first_bread, minmay_misc_feat_hallway, uniq_robin
D:3:      old_standard_altar, minmay_misc_feat_x
D:4:      tgw_xom, serial_shops, shop_statue
D:5:      nicolae_overflow_hidden_temple, st_stairs_3, hangedman_decor_riveting,
          uniq_duvessa
D:6:      kennysheep_mini, tgw_sif, nicolae_overflow_crystal_walls,
          okawaru_altar_gauntlet_db, serial_glass, glass_columns_a,
          glass_columns_c, lightli_corner_chamber
D:7:      nicolae_dithmenos_through_a_glass_darkly, serial_shops,
          nicolae_shop_statue_plus
Temple:   minmay_temple_curvy_loop

Skill      XL: |  1  2  3  4  5  6  7  8 |
---------------+-------------------------+-----
Fighting       | 3 4 5 6 7 |  7.3
Long Blades    | 2 3 4 5 6 7 |  7.7
Evocations     | 1 2 3 4 |  4.3
Armour         | |  2.6
Shields        | |  2.6

Action                   |  1- 3 |  4- 6 |  7- 9 || total
-------------------------+-------+-------+-------++-------
Melee: Long sword        |   164 |   266 |   365 ||   795
Evoke: Wand              |       |     1 |    13 ||    14
  Use: Scroll            |       |     9 |     2 ||    11
       Potion            |       |       |     1 ||     1
 Stab: Paralysed         |       |       |    41 ||    41
  Eat: Chunk             |     3 |    10 |    17 ||    30
Armor: Scale mail        |    82 |   100 |    60 ||   242
       Chain mail        |       |       |    84 ||    84
Dodge: Dodged            |    34 |    62 |    64 ||   160
Block: Shield            |    79 |   135 |   175 ||   389
